 Dungeon Crawl Stone Soup version 0.29-a0-1043-g569b05d6ff (webtiles) character file.

Game seed: 7370308065211415042

1251 KleinerIrrer the Martial Artist (level 8, 0/52 HPs)
             Began as an Octopode Monk on Aug 16, 2022.
             Slain by a sky beast (6 damage)
             ... on level 6 of the Dungeon.
             The game lasted 00:12:12 (5496 turns).

KleinerIrrer the Martial Artist (Octopode Monk)     Turns: 5496, Time: 00:12:13

Health: 0/52       AC:  1    Str: 10    XL:     8   Next: 51%
Magic:  8/8        EV: 14    Int: 15    God:
Gold:   211        SH:  0    Dex: 14    Spells: 7/7 levels left

rFire   . . .      SeeInvis .     - Unarmed
rCold   . . .      Faith    .   (no shield)
rNeg    . . .      Spirit   .   (helmet restricted)
rPois   .          Reflect  .   (no amulet)
rElec   .          Harm     .   (no ring)
rCorr   .          Rampage  .   (no ring)
Will    .....                   (no ring)
Stlth   +++.......              (no ring)
HPRegen 0.17/turn               (no ring)
MPRegen 0.11/turn               (no ring)
                                (no ring)
                                (no ring)

@: no status effects
A: almost no armour, amphibious, 8 rings, camouflage 1, gelatinous body 1,
(nimble swimmer 1), tentacles
a: no special abilities


You were on level 6 of the Dungeon.
You visited 2 branches of the dungeon, and saw 7 of its levels.
You also visited: Sewer.

You collected 211 gold pieces.

Inventory:

Missiles
 g - 41 stones (quivered)
Wands
 o - a wand of roots (9)
 r - a wand of flame (14)
Scrolls
 c - 3 scrolls of noise
 h - 3 scrolls of amnesia
 k - 2 scrolls of identify {unknown}
 l - a scroll of teleportation {unknown}
 m - a scroll of fear {unknown}
 n - 2 scrolls of poison {unknown}
 p - a scroll of blinking {unknown}
 q - 4 scrolls of vulnerability {unknown}
 s - a scroll of enchant armour {unknown}
 u - a scroll of enchant weapon {unknown}
Potions
 b - a potion of experience {unknown}
 d - 4 potions of might {unknown}
 e - 3 potions of curing
 f - 4 potions of flight {unknown}
 i - 2 potions of mutation {unknown}
 j - a potion of lignification {unknown}
 t - a potion of magic {unknown}
 v - a potion of brilliance {unknown}
 w - a potion of attraction {unknown}


   Skills:
 - Level 3.0 Fighting
 - Level 0.7 Throwing
 - Level 3.0 Dodging
 - Level 2.6 Stealth
 + Level 10.4 Unarmed Combat


You had 7 spell levels left.
You didn't know any spells.
Your spell library contained the following spells:

 Spells                   Type           Power      Damage    Failure   Level
 Necrotise                Necr           0%         1d4       26%         1
 Confusing Touch          Hex            0%         N/A       63%         3
 Vampiric Draining        Necr           0%         2d6       63%         3
 Agony                    Necr           0%         N/A       100%        5
 Blade Hands              Tmut           0%         N/A       100%        5
 Yara's Violent Unravell  Hex/Tmut       0%         3d3       100%        5
 Iron Shot                Conj/Erth      0%         9d1       100%        6
 Enfeeble                 Hex            0%         N/A       100%        7
 Animate Armour           Summ/Erth      Unusable   N/A       N/A         4

Dungeon Overview and Level Annotations

Branches:
Dungeon (6/15)             Temple (1/1) D:4           Sewer (visited)

Altars:
Ashenzari
Cheibriados
Dithmenos
Kikubaaqudgha
Qazlal
Ru
Sif Muna
Trog
Uskayaw
Vehumet
Wu Jian
Yredelemnul
Zin


Innate Abilities, Weirdness & Mutations

You cannot wear most types of armour.
You are amphibious.
You can wear up to eight rings at the same time.
Your skin changes colour to match your surroundings (Stealth+).
Your rubbery body absorbs attacks. (AC +1, EV +1)
((You are camouflaged when in or above water. (Stealth+)))
You have tentacles for arms and can constrict up to eight enemies at once.


Message History

You completely miss the sky beast.
The sky beast is heavily wounded.
The sky beast hits you.
* * * LOW HITPOINT WARNING * * *
The sky beast shocks you.
* * * LOW HITPOINT WARNING * * *
You feel better. The sky beast hits you.
* * * LOW HITPOINT WARNING * * *
The sky beast shocks you.
* * * LOW HITPOINT WARNING * * *
You are confused.
You feel invigorated. The sky beast closely misses you.
You are too confused!
The sky beast attacks as you move away! The sky beast closely misses you.
The sky beast attacks as you move away! The sky beast hits you.
* * * LOW HITPOINT WARNING * * *
The sky beast shocks you.
* * * LOW HITPOINT WARNING * * *
You bludgeon the sky beast! Your squeeze misses the sky beast.
The sky beast is almost dead.
The sky beast barely misses you.
You barely miss the sky beast.
The sky beast is almost dead.
You feel less invigorated.
You feel less confused.
You tentacle-slap the sky beast but do no damage.
The sky beast is almost dead.
The sky beast barely misses you.
You miss the sky beast.
The sky beast is almost dead.
The sky beast hits you. The sky beast shocks you.
* * * LOW HITPOINT WARNING * * *
You barely miss the sky beast.
The sky beast is almost dead.
The sky beast flickers out of sight!
Deactivating autopickup; reactivate with Ctrl-A.
Something hits you.
* * * LOW HITPOINT WARNING * * *
Something shocks you.
You die...

#..## ... .... #.#
....... #.# #........
#.# #......... #.#
#.........
#)####........
#.{.........#
#.@.........###
#..............
#...........#
#...........#
#...........#
.............#
..≈≈≈≈≈≈≈≈≈...#
..≈.......≈...#######
..≈.#####[.........).


There were no monsters in sight!

Vanquished Creatures
  Sigmund (D:3)
  Pargi (Sewer)
  A black bear (D:3)
  An ice beast (D:4)
  An ogre (D:5)
  4 scorpions
  A necrophage (D:5)
  An orc priest (D:6)
  3 hounds
  4 iguanas
  Robin (D:4)
  8 adders
  A river rat (D:4)
  2 ufetubi (D:4)
  2 worms (D:3)
  8 orcs
  7 ball pythons
  4 bats
  7 endoplasms
  7 giant cockroaches
  13 goblins
  12 hobgoblins
  2 jackals (Sewer)
  6 kobolds
  4 quokkas
  5 frilled lizards
  14 rats
121 creatures vanquished.

Vanquished Creatures (others)
  3 plants (D:6)
3 creatures vanquished.

Grand Total: 124 creatures vanquished

Notes
Turn   | Place    | Note
-------+----------+-------------------------------------------
     0 | D:1      | KleinerIrrer the Octopode Monk began the quest for the Orb.
     0 | D:1      | Reached XP level 1. HP: 16/16 MP: 1/1
   113 | D:1      | Reached XP level 2. HP: 21/21 MP: 2/2
   360 | D:1      | Reached skill level 4 in Unarmed Combat
   455 | D:1      | Reached XP level 3. HP: 26/26 MP: 3/3
  1221 | D:2      | Reached XP level 4. HP: 24/31 MP: 4/4
  1302 | D:2      | Identified the +2 leather armour of the Clam {rN+ Dex+3}
  1326 | D:2      | Found a faded altar of an unknown god.
  1357 | D:2      | Reached skill level 5 in Unarmed Combat
  1628 | D:3      | Noticed Sigmund
  1675 | D:3      | Killed Sigmund
  1676 | D:3      | Reached skill level 6 in Unarmed Combat
  1676 | D:3      | Reached XP level 5. HP: 15/36 MP: 5/5
  1676 | D:3      | Reached XP level 6. HP: 17/42 MP: 6/6
  1961 | D:3      | Noticed a black bear
  1969 | D:3      | Killed a black bear
  1970 | D:3      | Reached skill level 7 in Unarmed Combat
  2227 | D:3      | Found a snail-covered altar of Cheibriados.
  2588 | D:3      | Found an ancient bone altar of Kikubaaqudgha.
  2605 | D:3      | Reached XP level 7. HP: 28/46 MP: 7/7
  2810 | D:4      | Found a glowing silver altar of Zin.
  2868 | D:4      | Reached skill level 8 in Unarmed Combat
  3002 | D:4      | Found a broken altar of Ashenzari.
  3002 | D:4      | Found a basalt altar of Yredelemnul.
  3004 | D:4      | Noticed Robin
  3030 | D:4      | Killed Robin
  3159 | D:4      | Found a glowing drain.
  3181 | Sewer    | Entered a sewer
  3304 | Sewer    | Noticed Pargi
  3321 | Sewer    | Killed Pargi
  3641 | D:4      | Identified the +0 ring mail of the World {rC+ Dex+3}
  3648 | D:4      | Found a staircase to the Ecumenical Temple.
  3668 | Temple   | Entered the Ecumenical Temple
  4479 | D:5      | Entered Level 5 of the Dungeon
  4535 | D:5      | Reached skill level 9 in Unarmed Combat
  4544 | D:5      | Reached XP level 8. HP: 40/52 MP: 8/8
  4786 | D:5      | Found a shimmering blue altar of Sif Muna.
  4996 | D:5      | Reached skill level 10 in Unarmed Combat
  5416 | D:6      | Found a hide-covered altar of Uskayaw.
  5496 | D:6      | Slain by a sky beast

Illustrated notes

Levels and vault maps discovered:
D:1:      dpeg_arrival_round_a, layout_loops_ring, minmay_circled_x
D:2:      layout_basic, hellmonk_ecumenical_altar_pennies_from_heaven
D:3:      layout_basic, slow_altar_2, kiku_gazebo_garden_becter,
          kennysheep_generic_room_13, uniq_sigmund
D:4:      layout_basic, lemuel_coloured_pillars_altar,
          mainiacjoe_overflow_large_starburst, minmay_temple_entry_glassed_door,
          portal_sewer_entry_c, uniq_robin
D:5:      layout_rooms, kennysheep_little_box
D:6:      layout_basic, mainiacjoe_overflow_brackets, serial_bayou_pond_a,
          uniq_grinder
Temple:   hellmonk_temple_two_chambers

Skill      XL: |  1  2  3  4  5  6  7  8 |
---------------+-------------------------+-----
Unarmed Combat | 4 6 7 9 10 | 10.4
Fighting       | |  3.0
Throwing       | |  0.7
Dodging        | |  3.0
Stealth        | |  2.6

Action                   |  1- 3 |  4- 6 |  7- 9 || total
-------------------------+-------+-------+-------++-------
Melee: Unarmed           |    71 |    61 |   147 ||   279
       Constrict         |    14 |    17 |    28 ||    59
       Tentacles         |    14 |    16 |    33 ||    63
       Punch             |     4 |     1 |     8 ||    13
Throw: Stone             |     5 |     6 |     6 ||    17
  Use: Potion            |       |     1 |     4 ||     5
       Scroll            |       |     1 |     1 ||     2
 Stab: Sleeping          |     6 |     8 |    14 ||    28
       Invisible         |       |       |     6 ||     6
Armor: Skin              |     4 |       |     7 ||    11
Dodge: Dodged            |    38 |    27 |    73 ||   138

Table legend: (Time is in decaauts)
 A = Elapsed time spent in this place.
 B = Non-inter-level travel time spent in this place.
 C = Inter-level travel time spent in this place.
 D = Time resting spent in this place.
 E = Time spent auto-exploring this place.
 F = Levels seen in this place.
 G = Mean time per level.
                   A        B        C        D        E       F      G
               +--------+--------+--------+--------+--------+-----+--------+
         Total |   5460 |   5029 |    431 |      9 |   4121 |   8 |  682.5 |
       Dungeon |   5025 |   4616 |    409 |      9 |   3752 |   6 |  837.5 |
        Temple |     23 |      1 |     22 |      0 |      0 |   1 |   23.0 |
         Sewer |    411 |    411 |      0 |      0 |    369 |   1 |  411.0 |
               +--------+--------+--------+--------+--------+-----+--------+

Top non-repeatable levels by time:
     D:4: 1241 daAuts
     D:3: 1160 daAuts
     D:1: 990 daAuts
     D:5: 889 daAuts
     D:2: 630 daAuts
   Sewer: 411 daAuts
     D:6: 114 daAuts
  Temple: 23 daAuts
